 Seeded DCSS version 0.31-a0-167-g1c394c0614 (webtiles) character file.

Game seed: 6236403679062935775 (custom seed)

185 SigmundSlayer the Shooter (level 5, -1/45 HPs)
             Began as a Demigod Hunter on June 14, 2023.
             Slain by an iguana (9 damage)
             ... on level 5 of the Dungeon.
             The game lasted 00:03:25 (1940 turns).

SigmundSlayer the Shooter (Demigod Hunter)          Turns: 1940, Time: 00:03:26

Health: -1/45      AC:  7    Str: 12    XL:     5   Next: 14%
Magic:  7/7        EV:  6    Int: 11    God:
Gold:   175        SH:  0    Dex: 21    Spells: 4/4 levels left

rFire   . . .        a - +0 shortbow (flame)
rCold   . . .        (shield currently unavailable)
rNeg    . . .        i - +0 ring mail
rPois   .            (no helmet)
rElec   .            (no cloak)
rCorr   .            n - +1 pair of gloves
SInv    .            (no boots)
Will    +....        (no amulet)
Stlth   +            c - ring of willpower
HPRegen 0.27/turn    (no ring)
MPRegen 0.10/turn

%: no passive effects
@: weakened, held
A: high MP 1, forlorn, divine attributes
a: no special abilities


You were on level 5 of the Dungeon.
You visited 1 branch of the dungeon, and saw 4 of its levels.

You collected 175 gold pieces.

Inventory:

Hand Weapons
 a - a +0 shortbow of flaming (weapon)
Armour
 i - a +0 ring mail (worn)
 n - a +1 pair of gloves (worn)
 p - a +0 buckler
Jewellery
 c - a ring of willpower (left hand)
Wands
 l - a wand of polymorph (12)
Potions
 g - 2 potions of cancellation {unknown}
 h - a potion of enlightenment {unknown}
 q - a potion of berserk rage {unknown}


   Skills:
 + Level 3.0 Fighting
 + Level 4.4 Ranged Weapons
 + Level 2.0 Armour
 + Level 2.9 Dodging
 - Level 0.8 Stealth


You had 4 spell levels left.
You didn't know any spells.
Your spell library contained the following spells:

 Spells                   Type           Power      Damage    Failure   Level
 Ozocubu's Armour         Ice            0%         N/A       93%         3
 Vhi's Electric Charge    Tloc/Air       0%         N/A       93%         3
 Arcjolt                  Conj/Air       0%         1d10      100%        5
 Metabolic Englaciation   Hex/Ice        0%         N/A       100%        5
 Plasma Beam              Fire/Air       0%         2x1d10    100%        6
 Simulacrum               Ice/Necr       0%         N/A       100%        6


Dungeon Overview and Level Annotations

Branches:
Dungeon (3/15)

Shops:
D:1 *


Innate Abilities, Weirdness & Mutations

You have an increased reservoir of magic. (+10% MP)
You shall have no god before yourself.
Your divine heritage dramatically boosts your attributes as you level up.


Message History

The gnoll hits your butterfly with a +1 flail of protection.
Your butterfly dies!
Your butterfly disappears in a burst of colours!
The gnoll misses your butterfly. x2
A gnoll sergeant comes into view.
It is wielding a +4 trident of distortion.
Something hits your butterfly.
Your butterfly dies!
Your butterfly disappears in a burst of colours!
You struggle against the net.
The hound barely misses your butterfly. The gnoll barely misses your butterfly.
The gnoll hits your butterfly.
Your butterfly dies!
Your butterfly disappears in a burst of colours!
The hound barely misses your butterfly.
The gnoll closely misses your butterfly. x2
The iguana misses your butterfly.
The gnoll closely misses your butterfly.
The hound bites your butterfly.
Your butterfly dies!
Your butterfly disappears in a burst of colours!
You struggle against the net.
The hound closely misses your butterfly.
The gnoll closely misses your butterfly.
The hound bites your butterfly.
Your butterfly dies!
Your butterfly disappears in a burst of colours!
The gnoll hits your butterfly.
Your butterfly dies!
Your butterfly disappears in a burst of colours!
The gnoll misses your butterfly.
You struggle against the net.
The hound bites your butterfly.
Your butterfly dies!
Your butterfly disappears in a burst of colours!
The gnoll hits your butterfly.
Your butterfly dies!
Your butterfly disappears in a burst of colours!
The gnoll barely misses your butterfly. The hound bites your butterfly.
Your butterfly dies!
Your butterfly disappears in a burst of colours!
The iguana bites you!
You die...

**,,,,,,...............,>,***,,,,
*,,~~~~~≈≈≈≈...≈≈...#...,,***,**,
,,~~,,,,,.......≈≈...b..,,,*,,,,,
,,~,,,,,,*#..b.g.≈..b...,,,,,,,,,
..≈.....####[.gg.bbg....,,,*,,,,,
..≈....##..##.b.gbb≈h.b.,,,,,,,,,
.≈≈g...##..##(obgb.bb...,,**,,,,,
≈≈......#++#.ggl.bb≈b...,***,,,,,
≈..g##.......g##@b.≈h...****,,,,,
≈..####.....g####.bb..##*,,,,,,^,
≈.##..†....g.+,,*#.≈gb..,,*,,,,,,
≈.##..'.....g+,,**b≈h...,,**,,,,*
≈..####......#***,,≈b...,,,*,,,,,
≈...##......g.**,,,≈....,,,,,,,*,
≈≈≈.....#++#...,,,~~....,,,,,,**,
..≈≈...##$!##...,~~~....,,,,,,,*,
...≈...##$[##....~,,,,,,,***,,,,,


You could see 2 gnoll sergeants, a gnoll bouda, an iguana, 2 hounds, 6 gnolls,
an orc and a jackal.

Vanquished Creatures
  A scorpion (D:5)
  A hound (D:5)
  An adder (D:2)
  2 worms (D:2)
  2 dart slugs
  5 orcs
  5 endoplasms (D:1)
  3 giant cockroaches
  7 goblins
  10 hobgoblins
  4 jackals (D:1)
  4 quokkas
  A ball python (D:2)
  6 bats
  2 frilled lizards
  4 kobolds
  7 rats
65 creatures vanquished.

Notes
Turn   | Place    | Note
-------+----------+-------------------------------------------
     0 | D:1      | SigmundSlayer the Demigod Hunter began the quest for the
                  | Orb.
     0 | D:1      | Reached XP level 1. HP: 17/17 MP: 3/3
    37 | D:1      | Found Icenk's Assorted Antiques.
    75 | D:1      | Reached XP level 2. HP: 24/24 MP: 4/4
   350 | D:1      | Reached skill level 1 in Armour
   471 | D:1      | Reached XP level 3. HP: 29/29 MP: 5/5
  1130 | D:2      | Reached skill level 4 in Ranged Weapons
  1691 | D:2      | Reached XP level 4. HP: 35/37 MP: 6/6
  1897 | D:3      | You fall into a shaft and drop 2 floors!
  1897 | D:5      | Entered Level 5 of the Dungeon
  1916 | D:5      | HP: 1/37 [gnoll (2)]
  1923 | D:5      | Reached XP level 5. HP: 5/45 MP: 7/7
  1940 | D:5      | Slain by an iguana

Illustrated notes

Levels and vault maps discovered:
D:1:      dpeg_arrival_rooms_a, layout_basic, serial_shops,
          nicolae_shop_waterfront, minmay_cupped
D:2:      layout_basic
D:3:      layout_basic, mainiacjoe_overflow_tiny_flanked,
          nicolae_elevator_lobby_plus
D:5:      layout_cave_pools, serial_gnoll_camp, gnoll_camp_mini_loothouse,
          gnoll_camp_mini_basic, gnoll_camp_huts_moat, gnoll_camp_mini_basic,
          serial_bayou_lake_a, uniq_pikel, uniq_menkaure, uniq_eustachio

Skill      XL: |  1  2  3  4 |
---------------+-------------+-----
Fighting       | 2 3 |  3.0
Dodging        | 2 |  2.9
Armour         | 1 2 |  2.0
Ranged Weapons | 4 |  4.4
Stealth        | |  0.8

Action                     |  1- 3 |  4- 6 || total
---------------------------+-------+-------++-------
   Fire: Shortbow          |   155 |    45 ||   200
    Use: Potion            |       |     3 ||     3
         Scroll            |       |     7 ||     7
 Armour: Ring mail         |    17 |    29 ||    46
  Dodge: Dodged            |    47 |    51 ||    98

Table legend: (Time is in decaauts)
 A = Elapsed time spent in this place.
 B = Non-inter-level travel time spent in this place.
 C = Inter-level travel time spent in this place.
 D = Time resting spent in this place.
 E = Time spent auto-exploring this place.
 F = Levels seen in this place.
 G = Mean time per level.
                   A        B        C        D        E       F      G
               +--------+--------+--------+--------+--------+-----+--------+
         Total |   2001 |   1875 |    126 |      7 |   1441 |   4 |  500.2 |
       Dungeon |   2001 |   1875 |    126 |      7 |   1441 |   4 |  500.2 |
               +--------+--------+--------+--------+--------+-----+--------+

Top non-repeatable levels by time:
     D:1: 913 daAuts
     D:2: 813 daAuts
     D:3: 225 daAuts
     D:5: 50 daAuts
